 Dungeon Crawl Stone Soup version 0.29.0-10-g45618ea6d2 (webtiles) character file.

Game seed: 11836190425225340869

943 Flugkiller the Chopper (level 7, -9/63 HPs)
             Began as a Minotaur Fighter on Sept 1, 2022.
             Was an Initiate of Cheibriados.
             Mangled by Duvessa
             ... wielding a +2 short sword of electrocution
              (17 damage)
             ... on level 6 of the Dungeon.
             The game lasted 00:01:43 (4760 turns).

Flugkiller the Chopper (Minotaur Fighter)           Turns: 4760, Time: 00:01:44

Health: -9/63      AC: 15    Str: 22    XL:     7   Next: 88%
Magic:  7/7        EV:  7    Int:  6    God:    Cheibriados [......]
Gold:   220        SH:  4    Dex: 12    Spells: 6/6 levels left

rFire   . . .      SeeInvis .   a - +0 war axe
rCold   . . .      Faith    .   c - +0 buckler
rNeg    . . .      Spirit   .   x - +0 plate armour
rPois   .          Reflect  .   (helmet restricted)
rElec   .          Harm     .   (no cloak)
rCorr   .          Rampage  .   w - +1 pair of gloves
Will    .....                   (no boots)
Stlth   ..........              (no amulet)
HPRegen 0.20/turn               (no ring)
MPRegen 0.10/turn               (no ring)

@: mighty, lethally poisoned (-9 -> -11), very slow
A: horns 2, retaliatory headbutt
a: Renounce Religion


You were on level 6 of the Dungeon.
You worshipped Cheibriados.
Cheibriados was noncommittal.
You visited 1 branch of the dungeon, and saw 6 of its levels.

You collected 220 gold pieces.

Inventory:

Hand Weapons
 a - a +0 war axe (weapon)
 t - a +0 club
   (You took it off a gnoll on level 4 of the Dungeon)
Armour
 b - a +0 scale mail
 c - a +0 buckler (worn)
 w - a +1 pair of gloves (worn)
   (You found it on level 5 of the Dungeon)
 x - a +0 plate armour (worn)
   (You found it on level 6 of the Dungeon)
Jewellery
 i - a ring of see invisible
   (You found it on level 5 of the Dungeon)
 o - an amulet of regeneration
   (You found it on level 3 of the Dungeon)
Scrolls
 e - 5 scrolls of identify {unknown}
 h - a scroll of fear {unknown}
 k - a scroll of brand weapon {unknown}
 l - 2 scrolls of blinking {unknown}
 m - a scroll of poison {unknown}
 n - 2 scrolls of enchant weapon {unknown}
 s - 4 scrolls of teleportation {unknown}
 u - 3 scrolls of vulnerability {unknown}
 v - a scroll of butterflies {unknown}
Potions
 d - a potion of might
 f - a potion of attraction {unknown}
 g - a potion of ambrosia {unknown}
 j - a potion of heal wounds {unknown}
 p - a potion of curing {unknown}
 q - a potion of flight {unknown}
 r - a potion of lignification {unknown}


   Skills:
 + Level 6.2 Fighting
 * Level 7.5 Axes
 + Level 6.1 Armour
 + Level 2.1 Dodging
 - Level 3.6 Shields
 + Level 2.1 Invocations


You had 6 spell levels left.
You didn't know any spells.
Your spell library was empty.

Dungeon Overview and Level Annotations

Branches:
Dungeon (6/15)
 Temple: D:4-7

Altars:
Ashenzari
Cheibriados
Qazlal
Zin

Shops:
D:4 :

Annotations:
D:6 Duvessa


Innate Abilities, Weirdness & Mutations

You have a pair of horns on your head.
You reflexively headbutt those who attack you in melee.


Message History

You barely miss the steam dragon. You headbutt the steam dragon.
The steam dragon is severely wounded.
You hit the hound. x2; The hound barely misses you.
The hound bites you but does no damage. You block the steam dragon's attack.
The steam dragon claws you but does no damage.
The hound bites you. The hound bites you but does no damage.
You slash the steam dragon!
The steam dragon is almost dead.
You hit the hound. You closely miss the hound.
The steam dragon closely misses you. You furiously retaliate!
You headbutt the steam dragon!
You kill the steam dragon!
Cheibriados appreciates the change of pace.
The hound bites you but does no damage. You block the hound's attack.
Your Fighting skill increases to level 6!
Your Axes skill increases to level 7!
You hit the hound but do no damage.
The hound is severely wounded.
You hit the hound. The hound bites you but does no damage. The hound bites you.
You block the hound's attack. The hound bites you but does no damage.
You hit the hound but do no damage.
The hound is almost dead.
You slash the hound!
You kill the hound!
Cheibriados thoroughly appreciates the change of pace.
The hound bites you. The hound bites you but does no damage.
You slash the hound!
You kill the hound!
Cheibriados thoroughly appreciates the change of pace.
Your Armour skill increases to level 6!
No target in view!
No target in view!
You see here a +0 plate armour.
x - a +0 plate armour You start removing your armour.
You continue taking off your +0 scale mail. x4
You finish taking off your +0 scale mail.
You start putting on your armour.
You continue putting on your +0 plate armour. x5
You finish putting on your +0 plate armour.
You start resting.
HP restored.
You open the door.
Dowan, Brother of Duvessa comes into view.
He is wielding a +0 dagger.
Found a dagger.
Dowan shouts!
You hear a shout!
Dowan moves out of view.
There is an open door here.
Duvessa, Sister of Dowan comes into view.
She is wielding a +2 short sword of electrocution.
A scorpion comes into view.
Dowan points at you and mumbles some strange words.
You resist with some effort.
There are monsters nearby!
There are monsters nearby!
You feel very mighty all of a sudden.
Duvessa drinks a potion.
Duvessa seems to speed up.
You closely miss Dowan. You headbutt Dowan!!
Dowan is severely wounded.
Dowan hits you but does no damage.
You closely miss Duvessa. You headbutt Duvessa!
Duvessa is moderately wounded.
Duvessa says, "Where magic fails, the sword succeeds!"
Dowan casts a spell at you. You block the puff of frost.
The scorpion stings you.
You are poisoned.
The scorpion poisons you!
You hit Duvessa.
Duvessa is moderately wounded.
You hit the scorpion.
You feel sick. Duvessa hits you but does no damage.
You block the scorpion's attack. Duvessa hits you but does no damage.
You closely miss Dowan. You headbutt Dowan.
You kill Dowan!
Cheibriados appreciates the change of pace.
Duvessa screams, "No!
How DARE you!"
Duvessa goes berserk!
You hit Duvessa but do no damage. You slash the scorpion!
You feel sick. The scorpion completely misses you.
Duvessa hits you with a +2 short sword of electrocution!
You block the scorpion's attack.
Duvessa hits you with a +2 short sword of electrocution.
Your Dodging skill increases to level 2!
You slice the scorpion!!
You kill the scorpion!
Cheibriados appreciates the change of pace.
You slash Duvessa!
You feel sick. Duvessa hits you but does no damage.
Your Invocations skill increases to level 2!
You hit Duvessa.
Duvessa is heavily wounded.
You feel sick.
Duvessa hits you with a +2 short sword of electrocution.
You are electrocuted!
Duvessa hits you with a +2 short sword of electrocution.
You are electrocuted!
* * * LOW HITPOINT WARNING * * *
You are too injured to fight recklessly!
You are too injured to fight recklessly!
You are too injured to fight recklessly!
You hit Duvessa. You headbutt Duvessa.
Duvessa is heavily wounded.
Duvessa hits you with a +2 short sword of electrocution!
You die...

....... .......#
.......# ######
#.....# ..)...
.##.....##......
................
#.....e.......
#.....@)......
#.....##...###
#####'#######
#............
##............
#<............
#......†......
#......##...##
##.....# ...#


You could see Duvessa (berserk, fast).

Vanquished Creatures
  A steam dragon (D:6)
  An ogre (D:4)
  3 scorpions
  Blork the orc (D:5)
  Dowan (D:6)
  2 orc priests
  3 hounds
  2 iguanas
  An orc wizard (D:3)
  3 adders
  10 gnolls
  A shadow imp (D:5)
  A worm (D:3)
  2 dart slugs
  8 orcs
  4 endoplasms
  5 giant cockroaches
  5 goblins
  5 hobgoblins
  6 quokkas
  6 ball pythons
  2 bats
  2 frilled lizards (D:2)
  7 kobolds
  5 rats
87 creatures vanquished.

Notes
Turn   | Place    | Note
-------+----------+-------------------------------------------
     0 | D:1      | Flugkiller the Minotaur Fighter began the quest for the
                  | Orb.
     0 | D:1      | Reached XP level 1. HP: 19/19 MP: 0/0
   401 | D:1      | Reached XP level 2. HP: 26/27 MP: 1/1
   404 | D:1      | Reached skill level 3 in Axes
   537 | D:1      | Found a faded altar of an unknown god.
  1233 | D:2      | Reached XP level 3. HP: 23/33 MP: 2/2
  1480 | D:2      | Found a glowing silver altar of Zin.
  1710 | D:3      | Reached skill level 4 in Axes
  1816 | D:3      | Reached XP level 4. HP: 31/41 MP: 3/3
  2300 | D:3      | Noticed a fire elemental
  2301 | D:3      | Found a stormy altar of Qazlal.
  2306 | D:3      | Noticed an earth elemental
  2308 | D:3      | Noticed an air elemental
  2308 | D:3      | Noticed a water elemental
  2387 | D:3      | Reached XP level 5. HP: 27/47 MP: 4/4
  2583 | D:3      | Reached skill level 5 in Axes
  2606 | D:3      | Reached skill level 5 in Fighting
  2661 | D:4      | Noticed an ogre
  2663 | D:4      | Reached skill level 5 in Armour
  2667 | D:4      | Killed an ogre
  2668 | D:4      | Reached XP level 6. HP: 47/56 MP: 5/5
  2674 | D:4      | Reached skill level 6 in Axes
  2989 | D:4      | Found Lucvea's Book Boutique.
  3477 | D:4      | Found a snail-covered altar of Cheibriados.
  3483 | D:4      | Became a worshipper of Cheibriados the Contemplative
  3809 | D:5      | Entered Level 5 of the Dungeon
  3819 | D:5      | Noticed Blork the orc
  3835 | D:5      | Killed Blork the orc
  3836 | D:5      | Reached XP level 7. HP: 29/62 MP: 6/6
  4106 | D:5      | Reached skill level 1 in Dodging
  4106 | D:5      | Reached skill level 1 in Invocations
  4181 | D:5      | Found a broken altar of Ashenzari.
  4629 | D:6      | Noticed a steam dragon
  4639 | D:6      | Killed a steam dragon
  4640 | D:6      | Reached skill level 7 in Axes
  4750 | D:6      | Noticed Dowan
  4751 | D:6      | Noticed Duvessa
  4757 | D:6      | Killed Dowan
  4760 | D:6      | Mangled by Duvessa

Illustrated notes

Levels and vault maps discovered:
D:1:      wander_arrival_estate, layout_basic, shapermc_ecumenical_altar_ellora,
          serial_park_tiny_1, chequers_arboretum
D:2:      layout_rooms, basic_altar
D:3:      layout_rooms, nicolae_qazlal_style_of_elements
D:4:      layout_gridville, cheibriados_altar_1, serial_shops, shop
D:5:      layout_basic, nicolae_ashenzari_skybound,
          chequers_serial_rivers_large_a, uniq_blork_the_orc
D:6:      layout_gridville, minmay_temple_entry_trees, minmay_hedge_maze,
          uniq_duvessa

Skill      XL: |  1  2  3  4  5  6  7 |
---------------+----------------------+-----
Axes           | 3 4 5 6 7 |  7.5
Fighting       | 4 5 6 |  6.2
Armour         | 4 5 6 |  6.1
Dodging        | 2 |  2.1
Invocations    | 2 |  2.1
Shields        | |  3.6

Action                   |  1- 3 |  4- 6 |  7- 9 || total
-------------------------+-------+-------+-------++-------
Melee: War axe           |    98 |    85 |    40 ||   223
       Headbutt          |    13 |    11 |    10 ||    34
  Use: Potion            |       |       |     1 ||     1
Armor: Scale mail        |    47 |    29 |    26 ||   102
       Plate armour      |       |       |     4 ||     4
Dodge: Dodged            |    38 |    56 |    18 ||   112
Block: Buckler           |    17 |    19 |    18 ||    54
